 Dungeon Crawl Stone Soup version 0.28-a0-863-g8cecda6153 (webtiles) character file.

Game seed: 13099663919550738247

11 BinkBink the Firebug (level 2, -2/19 HPs)
             Began as a Demonspawn Fire Elementalist on Nov 20, 2021.
             Frozen to death by an endoplasm (5 damage)
             ... on level 1 of the Dungeon.
             The game lasted 00:01:07 (537 turns).

BinkBink the Firebug (Demonspawn Fire Elementalist)  Turns: 537, Time: 00:01:07

Health: -2/19      AC:  2    Str:  8    XL:     2   Next: 17%
Magic:  2/5        EV: 12    Int: 16    God:
Gold:   7          SH:  0    Dex: 13    Spells: 4/5 levels left

rFire   . . .      SeeInvis .   (no weapon)
rCold   . . .      Faith    .   (no shield)
rNeg    . . .      Spirit   .   a - +0 robe
rPois   .          Reflect  .   (no helmet)
rElec   .          Harm     .   (no cloak)
rCorr   .          Rampage  .   (no gloves)
Will    .....                   (no boots)
Stlth   ++........              (no amulet)
HPRegen 0.06/turn               (no ring)
MPRegen 0.09/turn               (no ring)

@: no status effects
A: claws 1
a: no special abilities


You were on level 1 of the Dungeon.
You visited 1 branch of the dungeon, and saw 1 of its levels.

You collected 7 gold pieces.

Inventory:

Missiles
 d - 2 throwing nets
Armour
 a - a +0 robe (worn)
Scrolls
 b - a scroll of enchant weapon {unknown}
 e - a scroll of vulnerability {unknown}
Potions
 c - a potion of curing {unknown}


   Skills:
 * Level 0.4 Armour
 + Level 1.9 Dodging
 + Level 1.9 Stealth
 + Level 2.0 Spellcasting
 + Level 1.0 Conjurations
 + Level 3.0 Fire Magic


You had 4 spell levels left.
You knew the following spells:

 Your Spells              Type           Power      Damage    Failure   Level
a - Foxfire               Conj/Fire      32%        2x1d5     9%          1

Your spell library contained the following spells:

 Spells                   Type           Power      Damage    Failure   Level
 Scorch                   Fire           22%        2d6       9%          2
 Conjure Flame            Conj/Fire      8%         6-21      26%         3
 Inner Flame              Hex/Fire       6%         N/A       32%         3
 Flame Wave               Conj/Fire      8%         3d4       65%         4


Dungeon Overview and Level Annotations

Branches:
Dungeon (1/15)

Altars:


Innate Abilities, Weirdness & Mutations

You have sharp fingernails.


Message History

The ball python hisses angrily.
You conjure some foxfire!
The foxfire hits the ball python.
You kill the ball python!
Your foxfire dissipates!
You see here a ball python corpse.
Found 15 arrows.
An endoplasm comes into view.
The endoplasm quivers.
You conjure some foxfire!
The foxfire hits the endoplasm but does no damage.
The endoplasm freezes you.
You are frozen.
An endoplasm is nearby!
You conjure some foxfire!
The endoplasm closely misses you.
The foxfire hits the endoplasm.
The endoplasm is lightly wounded.
The foxfire hits the endoplasm but does no damage.
The endoplasm is lightly wounded.
The endoplasm hits you.
You conjure some foxfire!
The endoplasm barely misses you.
The foxfire hits the endoplasm but does no damage.
The foxfire hits the endoplasm.
The endoplasm is heavily wounded.
The endoplasm freezes you.
You are frozen.
You are too injured to fight recklessly!
You scratch the endoplasm but do no damage.
The endoplasm is heavily wounded.
The endoplasm freezes you.
You are frozen.
* * * LOW HITPOINT WARNING * * *
You scratch the endoplasm but do no damage.
The endoplasm is heavily wounded.
The endoplasm barely misses you.
You scratch the endoplasm.
The endoplasm is almost dead.
The endoplasm freezes you.
You are frozen.
You die...

...... #..# #.#
...... #.## #.#
...... #.# #.# ######
###.# #.# #...# #.#
#.### #.# #.# #.# #
#######.### #.#
###.........# #@#
..#.........#....J..#
#...........#..(....#
##..........#.......#
##.........#.......#
#.................#
#.....†...#.......#
#.........#.......#
#.........#


You could see an endoplasm.

Vanquished Creatures
  4 ball pythons (D:1)
  2 endoplasms (D:1)
  A hobgoblin (D:1)
  2 bats (D:1)
  3 frilled lizards (D:1)
  A kobold (D:1)
13 creatures vanquished.

Vanquished Creatures (others)
  27 foxfires (D:1)
27 creatures vanquished.

Grand Total: 40 creatures vanquished

Notes
Turn   | Place    | Note
-------+----------+-------------------------------------------
     0 | D:1      | BinkBink the Demonspawn Fire Elementalist began the quest
                  | for the Orb.
     0 | D:1      | Reached XP level 1. HP: 13/13 MP: 3/3
   254 | D:1      | Reached skill level 3 in Fire Magic
   348 | D:1      | Gained mutation: You have sharp fingernails. [demonic
                  | ancestry]
   348 | D:1      | Reached XP level 2. HP: 19/19 MP: 3/5
   537 | D:1      | Frozen to death by an endoplasm

Illustrated notes

Levels and vault maps discovered:
D:1:      minmay_arrival_loop, layout_rooms

Skill      XL: |  1 |
---------------+----+-----
Fire Magic     | 3 |  3.0
Armour         | |  0.4
Dodging        | |  1.9
Stealth        | |  1.9
Spellcasting   | |  2.0
Conjurations   | |  1.0

Action                   || total
-------------------------++-------
Melee: Unarmed           ||     5
 Cast: Foxfire           ||    16
Armor: Robe              ||     1
Dodge: Dodged            ||     6

Table legend: (Time is in decaauts)
 A = Elapsed time spent in this place.
 B = Non-inter-level travel time spent in this place.
 C = Inter-level travel time spent in this place.
 D = Time resting spent in this place.
 E = Time spent auto-exploring this place.
 F = Levels seen in this place.
 G = Mean time per level.
                   A        B        C        D        E       F      G
               +--------+--------+--------+--------+--------+-----+--------+
         Total |    537 |    537 |      0 |      0 |    467 |   1 |  537.0 |
       Dungeon |    537 |    537 |      0 |      0 |    467 |   1 |  537.0 |
               +--------+--------+--------+--------+--------+-----+--------+

Top non-repeatable levels by time:
     D:1: 537 daAuts
